 Dungeon Crawl Stone Soup version 0.29-a0-322-g68df515428 (webtiles) character file.

Game seed: 3366560985384367763

51 kae the Firebug (level 3, -2/20 HPs)
             Began as a Tengu Fire Elementalist on Apr 8, 2022.
             Killed from afar by Sigmund (6 damage)
             ... with a puff of flame
             ... on level 2 of the Dungeon.
             The game lasted 00:01:14 (2716 turns).

kae the Firebug (Tengu Fire Elementalist)           Turns: 2716, Time: 00:01:15

Health: -2/20      AC:  3    Str:  8    XL:     3   Next: 83%
Magic:  7/7        EV: 12    Int: 17    God:
Gold:   134        SH:  0    Dex: 14    Spells: 5/6 levels left

rFire   . . .      SeeInvis .   c - +1 short sword
rCold   . . .      Faith    .   (no shield)
rNeg    . . .      Spirit   .   a - +0 robe
rPois   .          Reflect  .   (helmet restricted)
rElec   .          Harm     .   e - +0 cloak
rCorr   .          Rampage  .   (no gloves)
Will    .....                   (boots unavailable)
Stlth   ++........              (no amulet)
HPRegen 0.06/turn               (no ring)
MPRegen 0.10/turn               (no ring)

@: brilliant, flying
A: beak, talons 3
a: no special abilities


You were on level 2 of the Dungeon.
You visited 1 branch of the dungeon, and saw 2 of its levels.

You collected 134 gold pieces.

Inventory:

Hand Weapons
 c - a +1 short sword (weapon)
Missiles
 g - a throwing net
Armour
 a - a +0 robe (worn)
 e - a +0 cloak (worn)
Scrolls
 d - 3 scrolls of enchant weapon
 f - 2 scrolls of fog
 j - 2 scrolls of identify {unknown}
Potions
 b - 2 potions of magic


   Skills:
 + Level 0.9 Fighting
 + Level 1.0 Armour
 + Level 2.5 Dodging
 - Level 2.0 Stealth
 + Level 2.3 Spellcasting
 + Level 2.1 Conjurations
 * Level 3.9 Fire Magic


You had 5 spell levels left.
You knew the following spells:

 Your Spells              Type           Power      Damage    Failure   Level
a - Foxfire               Conj/Fire      72%        2x1d7     5%          1

Your spell library contained the following spells:

 Spells                   Type           Power      Damage    Failure   Level
 Scorch                   Fire           46%        2d7       5%          2
 Conjure Flame            Conj/Fire      18%        6-21      16%         3
 Inner Flame              Hex/Fire       13%        N/A       26%         3
 Flame Wave               Conj/Fire      18%        2d6       47%         4


Dungeon Overview and Level Annotations

Branches:
Dungeon (2/15)

Altars:

Annotations:
D:2 Sigmund


Innate Abilities, Weirdness & Mutations

You have a beak for a mouth.
You have claws for feet.


Message History

Sigmund points at you and mumbles some strange words.
You are more confused.
You bump into the rock wall.
You're too confused to move!
You bump into the rock wall.
Sigmund points at you and mumbles some strange words.
You are more confused.
You bump into the rock wall.
You bump into the rock wall.
You bump into the rock wall.
Sigmund points at you and mumbles some strange words.
The magic dart hits you.
You bump into the rock wall.
You're too confused to move!
Sigmund barely misses you.
You bump into the rock wall.
You bump into the rock wall.
Sigmund hits you but does no damage.
You're too confused to move!
You're too confused to move!
Sigmund casts a spell at you. The magic dart hits you.
Sigmund mumbles some strange words.
Sigmund flickers and vanishes!
Deactivating autopickup; reactivate with Ctrl-A.
You bump into the rock wall.
You bump into the rock wall.
You bump into the rock wall.
You bump into the rock wall.
You bump into the rock wall.
You feel less confused.
A puff of flame appears from out of thin air!
The puff of flame hits you!
* * * LOW HITPOINT WARNING * * *
Your extra speed is starting to run out.
Okay, then.
You see here a +0 spear.
You feel yourself slow down.
There is an open door here.
A puff of flame appears from out of thin air!
The puff of flame hits you.
You die...

#.# #.###
############.# #.# #
#...{........# #.###
#.############ #.>..
#.# ######### #.#
#..<....# #.#
#.#####.#
#.###############'###
#.#
#.#.....@...........#
#.#
#)#.........>.......#
#.#
#.#.................#
#.#
#.{.................#
#.#
###...........÷.....#
#.#
#.................#
#..
#...........###'###
### #...........# #.#
#...[÷......# #.#


There were no monsters in sight!

Vanquished Creatures
  2 adders (D:2)
  A worm (D:2)
  3 bats
  4 endoplasms
  A giant cockroach (D:1)
  2 goblins
  2 hobgoblins
  3 quokkas (D:2)
  A ball python (D:1)
  2 frilled lizards (D:2)
  2 kobolds
  5 rats
28 creatures vanquished.

Vanquished Creatures (others)
  50 foxfires
50 creatures vanquished.

Grand Total: 78 creatures vanquished

Notes
Turn   | Place    | Note
-------+----------+-------------------------------------------
     0 | D:1      | kae the Tengu Fire Elementalist began the quest for the
                  | Orb.
     0 | D:1      | Reached XP level 1. HP: 10/10 MP: 4/4
    27 | D:1      | Found a faded altar of an unknown god.
   472 | D:1      | Reached XP level 2. HP: 16/16 MP: 4/6
  1628 | D:2      | Reached XP level 3. HP: 20/20 MP: 0/7
  2381 | D:2      | Reached skill level 1 in Armour
  2660 | D:2      | Noticed Sigmund
  2716 | D:2      | Killed from afar by Sigmund

Illustrated notes

Levels and vault maps discovered:
D:1:      ebering_trefoil_3fold, layout_basic,
          ebering_ecumenical_altar_petrified
D:2:      layout_basic, uniq_sigmund

Skill      XL: |  1  2  3 |
---------------+----------+-----
Conjurations   | 2 |  2.1
Armour         | 1 |  1.0
Fighting       | |  0.9
Dodging        | |  2.5
Stealth        | |  2.0
Spellcasting   | |  2.3
Fire Magic     | |  3.9

Action                   || total
-------------------------++-------
Melee: Short sword       ||    37
       Kick              ||    12
       Peck              ||     5
 Cast: Foxfire           ||    31
  Use: Scroll            ||     4
       Potion            ||     3
Armor: Robe              ||    12
Dodge: Dodged            ||    45

Table legend: (Time is in decaauts)
 A = Elapsed time spent in this place.
 B = Non-inter-level travel time spent in this place.
 C = Inter-level travel time spent in this place.
 D = Time resting spent in this place.
 E = Time spent auto-exploring this place.
 F = Levels seen in this place.
 G = Mean time per level.
                   A        B        C        D        E       F      G
               +--------+--------+--------+--------+--------+-----+--------+
         Total |   2707 |   2639 |     68 |    217 |   2143 |   2 | 1353.5 |
       Dungeon |   2707 |   2639 |     68 |    217 |   2143 |   2 | 1353.5 |
               +--------+--------+--------+--------+--------+-----+--------+

Top non-repeatable levels by time:
     D:1: 1565 daAuts
     D:2: 1142 daAuts
